Unix NetHack Version 3.7.0-59 Work-in-progress - last build May 31 2022 12:28:31 (9682f85d67e5dc958826419965e067e47ead9563,branch:master). Game began 2022-06-01 13:58:39, ended 2022-06-01 15:01:37. Concrete, lawful female human Knight --... -).)G. ..%.@. -....- ...<. ... Concrete the Esquire St:13 Dx:8 Co:12 In:9 Wi:16 Ch:17 Lawful S:336 Dlvl:3 $:16 HP:0(26) Pw:31(31) AC:3 Xp:3/55 T:430 Latest messages: You see here a leather armor (for sale, 4 zorkmids). You see here a blindfold (for sale, 15 zorkmids). You see here a smoky potion (for sale, 150 zorkmids). The saddled pony picks up a scroll. You kill the giant rat! You hear someone cursing shoplifters. The door resists! The door opens. You swap places with your saddled pony. You hear someone cursing shoplifters. You descend the stairs. You hit the dwarf. You hit the dwarf. The dwarf wields a dagger! You hit the dwarf. The dwarf thrusts his dagger. The dwarf hits! You kill the dwarf! You hear rumbling in the distance. $ - 7 gold pieces. x - a dwarvish cloak. You are now wearing a dwarvish cloak. A dagger misses you. The gnome wields 4 daggers! You kill the gnome! Welcome to experience level 3. You hit the gnome! You kill the gnome! y - a blue gem. You see here a gnome corpse. The gnome hits! You miss the gnome. You kill the gnome! You miss the gnome lord. The gnome lord hits! You miss the gnome lord. The gnome lord misses! You hit the gnome lord! The gnome lord hits! You hit the gnome lord. You miss the gnome lord. The gnome lord hits! You hit the gnome lord! The gnome lord hits! You die... Do you want your possessions identified? [ynq] (y) y Do you want to see your attributes? [ynq] (y) y Do you want an account of creatures vanquished? [ynaq] (y) n Do you want to see your conduct and achievements? [ynq] (y) n Do you want to see the dungeon overview? [ynq] (y) y Major events: Turn 1: Concrete the lawful female human Knight entered the dungeon 402: entered the Gnomish Mines 417: attained the rank of Esquire (level 3) 430: killed by a gnome lord Inventory: Coins $ - 16 gold pieces Weapons a - a blessed +1 long sword (weapon in hand) Armor d - an uncursed +0 helmet (being worn) f - an uncursed +0 pair of leather gloves (being worn) e - a blessed +0 small shield (being worn) x - an uncursed +0 dwarvish cloak (being worn) c - an uncursed +1 ring mail (being worn) Comestibles g - 12 uncursed apples h - 13 uncursed carrots i - 3 uncursed food rations k - an uncursed tripe ration Scrolls l - an uncursed scroll of gold detection u - 2 uncursed scrolls of identify w - an uncursed scroll of magic mapping Potions m - an uncursed potion of extra healing j - an uncursed potion of restore ability o - a blessed potion of sickness t - an uncursed potion of water Rings q - a cursed -1 ring of gain constitution p - a cursed ring of teleportation Wands r - a wand of slow monster (0:6) Gems/Stones n - an uncursed chrysoberyl stone y - an uncursed worthless piece of blue glass v - an uncursed worthless piece of violet glass s - an uncursed worthless piece of yellowish brown glass Concrete the Knight's attributes: Background: You were an Esquire, a level 3 female human Knight. You were lawful, on a mission for Lugh who was opposed by Brigit (neutral) and Manannan Mac Lir (chaotic). You were in the Gnomish Mines, on level 3. You entered the dungeon 430 turns ago. There was a new moon in effect when your adventure ended. You had 55 experience points, 25 more were needed to attain level 4. Your score was 336 before end-of-game adjustments. Basics: You had 0 out of 26 hit points. You had all 31 energy points (spell power). Your armor class was 3. Your wallet contained 16 zorkmids. Autopickup was off. Final Characteristics: Your strength was 13 (limit:18/100). Your dexterity was 8 (limit:18). Your constitution was 12 (limit:18). Your intelligence was 9 (limit:18). Your wisdom was 16 (limit:18). Your charisma was 17 (limit:18). Final Status: You were not hungry. You were unencumbered. You were wielding a long sword. You had basic skill with long sword. Final Attributes: You were fervently aligned. You could jump. You were warded. You are dead. Miscellaneous: You never encountered a bones level. Total elapsed playing time was 1 hour, 2 minutes and 46 seconds. Vanquished creatures: a dwarf a giant rat 4 gnomes 2 goblins a grid bug 3 lichens a newt 13 creatures vanquished. No species were genocided or became extinct. Voluntary challenges: You went without food. You were an atheist. You were illiterate. You never engraved Elbereth. You never genocided any monsters. You never polymorphed an object. You never changed form. You used no wishes. Achievements: You entered a shop. You entered the Gnomish Mines. You attained the rank of Esquire. The Dungeons of Doom: levels 1 to 2 Level 1: An altar to Lugh. Level 2: A general store, a fountain. Stairs down to The Gnomish Mines. The Gnomish Mines: Level 3: <- You were here. Final resting place for you, killed by a gnome lord. Game over: ---------- / \ / REST \ / IN \ / PEACE \ / \ | Concrete | | 16 Au | | killed by a | | gnome lord | | | | | | 2022 | *| * * * | * _________)/\\_//(\/(/\)/\//\/|_)_______ Fare thee well Concrete the Knight... You died in The Gnomish Mines on dungeon level 3 with 335 points, and 16 pieces of gold, after 430 moves. You were level 3 with a maximum of 26 hit points when you died.